 Dungeon Crawl Stone Soup version 0.27.0-1-g7a089689b8 (webtiles) character file.

Game seed: 4059392094424362749

68078 HungrySpirit the Martial Artist (level 14, -5/135 HPs)
             Began as a Deep Dwarf Transmuter on Aug 2, 2021.
             Was a High Priest of Cheibriados.
             Slain by a very large slime creature (47 damage)
             ... on level 13 of the Dungeon.
             The game lasted 00:56:43 (19828 turns).

HungrySpirit the Martial Artist (DDTm)             Turns: 19828, Time: 00:56:43

Health: -5/135     AC: 16    Str: 28    XL:     14   Next: 85%
Magic:  16/17      EV: 20    Int: 28    God:    Cheibriados [*****.]
Gold:   347        SH: 15    Dex: 29    Spells: 26/29 levels left

rFire    + + .     SeeInvis .     - Unarmed
rCold    + . .     Faith    .   D - +2 buckler
rNeg     + . .     Spirit   .   y - +5 ring mail "Isewneob" {Contam rF++}
rPois    +         Reflect  +   (no helmet)
rElec    .         Harm     .   P - +1 cloak {rCorr}
rCorr    +         Rampage  .   f - +0 pair of gloves
Will     ++...                  (no boots)
Stlth    ++........             Q - amulet of reflection
HPRegen  0.00/turn              o - ring of protection from cold
MPRegen  0.15/turn              r - ring of poison resistance

@: wereblooded, very slow
A: damage resistance, heal wounds, negative energy resistance 1, sense
surroundings 2, no regeneration
a: Heal Wounds, Renounce Religion, Bend Time, Temporal Distortion, Slouch, Step
From Time


You were on level 13 of the Dungeon.
You worshipped Cheibriados.
Cheibriados was extremely pleased with you.
You visited 4 branches of the dungeon, and saw 22 of its levels.
You also visited: Gauntlet.

You collected 2083 gold pieces.
You spent 1736 gold pieces at shops.

Inventory:

Missiles
 c - 35 boomerangs
 q - 8 throwing nets
 v - 6 silver javelins
Armour
 f - a +0 pair of gloves (worn)
 y - the +5 ring mail "Isewneob" (worn) {Contam rF++}
   (You found it on level 6 of the Dungeon)

   rF:        It greatly protects you from fire.
   Contam:    It causes magical contamination when unequipped.
 D - a +2 buckler (worn)
 N - a +0 kite shield
 P - a +1 cloak of preservation (worn)
Jewellery
 a - a ring of willpower
 l - a ring of magical power
 o - a ring of protection from cold (left hand)
 r - a ring of poison resistance (right hand)
 t - a ring of flight
 u - a ring of protection from fire
 w - the ring "Igivest" {Wiz rF+ Str-3 Dex+3}
   (You bought it in a shop on level 2 of the Orcish Mines)

   [ring of wizardry]

   It improves your spell success rate.
   Str:       It affects your strength (-3).
   Dex:       It affects your dexterity (+3).
   rF:        It protects you from fire.
 z - a +6 ring of strength
 G - a +6 ring of intelligence
 O - a ring of fire
 Q - an amulet of reflection (around neck)
Wands
 d - a wand of charming (19)
 h - a wand of flame (19)
 A - a wand of paralysis (3)
 B - a wand of digging (3)
 F - a wand of mindburst (37)
 K - a wand of iceblast (5)
 S - a wand of acid (6)
Scrolls
 b - 5 scrolls of teleportation
 i - 3 scrolls of identify
 k - 2 scrolls of amnesia
 m - 4 scrolls of noise
 s - a scroll of blinking
 x - 2 scrolls of enchant armour
 E - a scroll of torment
 I - 2 scrolls of immolation
 J - a scroll of holy word
 L - 2 scrolls of fear
 R - a scroll of fog
Potions
 e - 8 potions of curing
 g - 2 potions of lignification
 j - 3 potions of brilliance
 n - a potion of mutation
 p - 2 potions of resistance
 C - 3 potions of might
 H - 2 potions of flight
 M - a potion of ambrosia
Miscellaneous
 T - a condenser vane


   Skills:
 * Level 11.0 Fighting
 - Level 1.2 Axes
 + Level 9.6 Armour
 + Level 8.7 Dodging
 + Level 7.4 Shields
 + Level 14.8 Unarmed Combat
 - Level 8.0 Spellcasting
 - Level 3.0 Transmutations
 - Level 8.0 Invocations


You had 26 spell levels left.
You knew the following spells:

 Your Spells              Type           Power      Damage    Failure   Level
a - Beastly Appendage     Tmut           56%        N/A       1%          1
b - Wereblood             Tmut           28%        N/A       3%          2

Your spell library contained the following spells:

 Spells                   Type           Power      Damage    Failure   Level
 Blink                    Tloc           N/A        N/A       10%         2
 Static Discharge         Conj/Air       11%        N/A       10%         2
 Spider Form              Tmut/Pois      9%         N/A       11%         3
 Dazzling Flash           Conj/Hex       22%        N/A       21%         3
 Gell's Gravitas          Tloc           5%         N/A       21%         3
 Lesser Beckoning         Tloc           5%         N/A       21%         3
 Teleport Other           Tloc           11%        N/A       21%         3
 Ice Form                 Ice/Tmut       19%        N/A       34%         4
 Fulminant Prism          Conj/Hex       5%         3d7       54%         4
 Iskenderun's Mystic Bla  Conj/Tloc      11%        2d4       54%         4
 Passage of Golubria      Tloc           N/A        N/A       54%         4
 Sticky Flame             Conj/Fire      11%        2d3       54%         4
 Fireball                 Conj/Fire      5%         3d5       88%         5
 Iskenderun's Battlesphe  Conj           11%        2d7       88%         5
 Lee's Rapid Deconstruct  Erth           5%         3d7*      88%         5
 Lightning Bolt           Conj/Air       5%         1d17      88%         5
 Manifold Assault         Tloc           11%        N/A       88%         5
 Dispersal                Tloc           5%         N/A       100%        6
 Iron Shot                Conj/Erth      5%         9d2       100%        6
 Starburst                Conj/Fire      5%         8x6d4     100%        6
 Spellforged Servitor     Conj/Summ      5%         N/A       100%        7
 Maxwell's Capacitive Co  Air            5%         ∞         100%        8


Dungeon Overview and Level Annotations

Branches:
Dungeon (13/15)            Temple (1/1) D:4            Lair (6/6) D:10
  Swamp (0/4) Lair:3       Spider (0/4) Lair:3        Slime (0/5) Lair:5
    Orc (2/2) D:11            Elf (0/3) Orc:2       Gauntlet (visited)
 Vaults: D:13-14

Altars:
Ashenzari
Cheibriados
Dithmenos
Elyvilon
Fedhas
Gozag
Hepliaklqana
Kikubaaqudgha
Makhleb
Nemelex Xobeh
Okawaru
Qazlal
Ru
Sif Muna
Trog
Uskayaw
Vehumet
Wu Jian
Xom
Yredelemnul
Zin
The Shining One
Beogh

Shops:
D:4 *   D:5 :   D:12 (   Orc:2 =[((

Annotations:
D:6 1 runed translucent door, Crazy Yiuf
D:9 3 runed translucent doors
Lair:2 exclusion: oklob plant, Urug
Lair:3 exclusion: upstairs


Innate Abilities, Weirdness & Mutations

You are resistant to damage.
You can heal yourself by infusing magical energy.
You resist negative energy. (rN+)
You passively map the area around you.
You do not regenerate.


Message History

3 slime creatures come into view.
There are monsters nearby!
A slime creature comes into view.
The slime creature quivers. x2
The slime creature hits you!
The slime creature quivers. x2
Found a wand of mindburst (8).
There is an open door here.
Unknown command.
Casting: Wereblood (safe; 3% risk of failure)
Confirm with . or Enter, or press ? or * to list all spells.
Your blood is infused with primal strength.
Two slime creatures merge to form a large slime creature.
Two slime creatures merge to form a very large slime creature.
You block the slime creature's attack.
Unknown command.
Unknown command.
You barely miss the slime creature.
The very large slime creature hits you but does no damage.
You barely miss the slime creature. You block the slime creature's attack.
You hit the slime creature but do no damage.
The very large slime creature hits you! You block the slime creature's attack.
You pummel the slime creature!!
The slime creature is moderately wounded.
The very large slime creature completely misses you.
You block the slime creature's attack.
You pummel the slime creature!!
The slime creature is severely wounded.
You completely miss the slime creature.
The slime creature is severely wounded.
The very large slime creature hits you but does no damage.
The slime creature barely misses you.
You hit the slime creature.
The slime creature is severely wounded.
The very large slime creature closely misses you.
The slime creature closely misses you.
You punch the slime creature!
The slime creature is almost dead.
The very large slime creature hits you!!!
You die...

* #.## , * #..# ##.# *
#.# ##+##* ######.##
#.../* #####.......#
#.... #...........# #
#...J###.###.(.....###
#...J@...# #..........
#....##### #.......###
#.... ######### #....
#####


You could see a very large slime creature and a slime creature.

Vanquished Creatures
  2 orc warlords
  A minotaur (Gauntlet)
  An entropy weaver (Gauntlet)
  Josephine (D:12)
  Snorg (Orc:1)
  Harold (D:7)
  2 boulder beetles
  6 hydras
  A centaur warrior (Orc:2)
  A catoblepas (Lair:3)
  Erica (D:9)
  5 two-headed ogres
  A death knight (D:13)
  A death yak (Lair:5)
  2 orc high priests
  A sixfirhy (Gauntlet)
  2 bog bodies (Lair:3)
  A harpy (shapeshifter) (D:13)
  A harpy (Lair:6)
  An ugly thing (D:13)
  2 cyclopes
  6 orc knights
  3 orc sorcerers (D:12)
  Joseph (D:10)
  8 black mambas
  A torpor snail (Lair:4)
  6 cane toads
  A rime drake (Lair:3)
  7 komodo dragons
  4 kobold demonologists
  An ice devil (Gauntlet)
  2 polar bears
  3 meliai (D:13)
  7 trolls
  Prince Ribbit (D:7)
  29 blink frogs
  2 slime creatures (D:13)
  4 dream sheep (Lair:5)
  3 redbacks
  A shadow (D:11)
  46 yaks
  9 wraiths
  5 wyverns
  A basilisk (Lair:4)
  4 vampire mosquitoes (D:12)
  8 wargs
  14 water moccasins
  2 black bears
  3 ice beasts
  33 orc warriors
  17 centaurs
  6 ogres
  22 wolves
  3 kobold brigands
  13 bullfrogs
  Blork the orc (D:6)
  A water moccasin zombie (D:5)
  2 scorpions
  5 killer bees
  3 wights (D:9)
  7 howler monkeys
  4 electric eels (D:10)
  A bullfrog zombie (D:5)
  3 centaur zombies
  3 jellies
  19 orc priests
  A gnoll shaman (Orc:2)
  7 hounds
  A centaur skeleton (D:5)
  2 iguanas (D:6)
  14 orc wizards
  6 hell rats (Lair:3)
  8 gnolls
  5 adders
  3 shadow imps
  4 white imps
  2 ufetubi (Gauntlet)
  An adder skeleton (D:4)
  A dart slug (D:2)
  63 orcs
  6 endoplasms
  7 giant cockroaches
  8 hobgoblins
  4 jackals (D:1)
  4 quokkas (D:2)
  5 ball pythons
  13 bats
  4 frilled lizards (D:2)
  16 goblins
  9 kobolds
  4 rats
558 creatures vanquished.

Vanquished Creatures (others)
  A yak (D:9)
  5 demonic plants (D:3)
  14 fungi
  24 plants
  5 withered plants (D:3)
49 creatures vanquished.

Grand Total: 607 creatures vanquished

Notes
Turn   | Place    | Note
-------+----------+-------------------------------------------
     0 | D:1      | HungrySpirit the Deep Dwarf Transmuter began the quest for
                  | the Orb.
     0 | D:1      | Reached XP level 1. HP: 16/16 MP: 3/3
     1 | D:1      | Noticed an electric eel
   127 | D:1      | Reached skill level 1 in Fighting
   184 | D:1      | Reached XP level 2. HP: 25/25 MP: 2/4
   227 | D:1      | Reached skill level 1 in Axes
   306 | D:1      | Reached skill level 3 in Unarmed Combat
   310 | D:1      | Learned a level 2 spell: Wereblood
  1046 | D:2      | Reached XP level 3. HP: 31/31 MP: 1/5
  1246 | D:2      | Reached XP level 4. HP: 39/39 MP: 7/7
  2013 | D:3      | Found a faded altar of an unknown god.
  2415 | D:3      | Reached skill level 4 in Unarmed Combat
  2415 | D:3      | Reached XP level 5. HP: 34/45 MP: 5/8
  2526 | D:3      | Reached skill level 1 in Armour
  2648 | D:4      | Found Denit's Overcharged Wands.
  2782 | D:4      | Reached XP level 6. HP: 30/55 MP: 7/9
  3168 | D:4      | Found a shadowy altar of Dithmenos.
  3566 | D:4      | Reached skill level 5 in Unarmed Combat
  3566 | D:4      | Reached XP level 7. HP: 33/62 MP: 8/11
  3599 | D:4      | Found a staircase to the Ecumenical Temple.
  3627 | Temple   | Entered the Ecumenical Temple
  3836 | Temple   | Became a worshipper of Cheibriados the Contemplative
  4271 | D:5      | Entered Level 5 of the Dungeon
  4517 | D:5      | Found Fets's Book Shoppe.
  4983 | D:5      | Found an ancient bone altar of Kikubaaqudgha.
  5212 | D:5      | Reached skill level 6 in Unarmed Combat
  5212 | D:5      | Reached XP level 8. HP: 36/72 MP: 12/12
  5308 | D:6      | Found a runed translucent door.
  5309 | D:6      | Noticed Crazy Yiuf
  5368 | D:6      | Found an opulent altar of Gozag.
  5408 | D:6      | Reached * piety under Cheibriados
  5433 | D:6      | Identified the +5 ring mail "Isewneob" {Contam rF++}
  5477 | D:6      | Noticed Blork the orc
  5481 | D:6      | Killed Blork the orc
  5872 | D:7      | Reached skill level 7 in Unarmed Combat
  5995 | D:7      | Noticed Prince Ribbit
  6023 | D:7      | Killed Prince Ribbit
  6024 | D:7      | Reached skill level 5 in Armour
  6024 | D:7      | Reached skill level 1 in Shields
  6130 | D:7      | Gained mutation: You passively map the area around you.
                  | [Deep Dwarf growth]
  6130 | D:7      | Reached XP level 9. HP: 46/79 MP: 8/12
  6141 | D:7      | Noticed a +0 short sword
  6141 | D:7      | Noticed a +0 falchion
  6141 | D:7      | Noticed a +0 dagger
  6142 | D:7      | Noticed a +0 dagger
  6142 | D:7      | Noticed a +0 falchion
  6143 | D:7      | Noticed a +0 spear
  6143 | D:7      | Noticed a +0 short sword
  6144 | D:7      | Noticed a +0 spear
  6200 | D:7      | Found a hide-covered altar of Uskayaw.
  6271 | D:7      | Noticed Harold
  6285 | D:7      | Killed Harold
  6286 | D:7      | Reached skill level 5 in Fighting
  6309 | D:7      | Reached skill level 8 in Unarmed Combat
  6368 | D:7      | Reached ** piety under Cheibriados
  6593 | D:7      | Found a glowing silver altar of Zin.
  6820 | D:8      | Reached skill level 9 in Unarmed Combat
  6820 | D:8      | Reached XP level 10. HP: 32/91 MP: 9/13
  6940 | D:8      | Noticed a two-headed ogre
  6952 | D:8      | Killed a two-headed ogre
  7528 | D:9      | Found a sacrificial altar of Ru.
  7537 | D:9      | Reached skill level 10 in Unarmed Combat
  7608 | D:9      | Reached *** piety under Cheibriados
  7714 | D:9      | Noticed Erica
  7736 | D:9      | Killed Erica
  7835 | D:9      | Noticed a two-headed ogre
  7844 | D:9      | HP: 2/94 [two-headed ogre (13)]
  7846 | D:9      | Killed a two-headed ogre
  7977 | D:9      | Found a runed translucent gate.
  7977 | D:9      | Found a runed translucent gate.
  7977 | D:9      | Found a runed translucent gate.
  7979 | D:9      | Noticed a green ugly thing
  7979 | D:9      | Noticed a brown ugly thing
  7981 | D:9      | Noticed a green very ugly thing
  7981 | D:9      | Noticed a green ugly thing
  8496 | D:10     | Entered Level 10 of the Dungeon
  8818 | D:10     | Reached XP level 11. HP: 85/102 MP: 9/12
  8837 | D:10     | Noticed a two-headed ogre
  8847 | D:10     | Killed a two-headed ogre
  8848 | D:10     | Reached skill level 11 in Unarmed Combat
  9260 | D:10     | Found a staircase to the Lair.
  9282 | D:10     | Noticed Joseph
  9298 | D:10     | Killed Joseph
  9299 | D:10     | Reached skill level 5 in Spellcasting
  9609 | D:10     | Found a hazy altar of Hepliaklqana.
  9613 | D:10     | Found a radiant altar of Vehumet.
  9616 | D:10     | Found a broken altar of Ashenzari.
  9687 | D:10     | Reached **** piety under Cheibriados
  9794 | Lair:1   | Entered Level 1 of the Lair of Beasts
 10384 | Lair:1   | Reached skill level 12 in Unarmed Combat
 10771 | Lair:2   | Reached ***** piety under Cheibriados
 10798 | Lair:2   | Reached XP level 12. HP: 38/114 MP: 11/15
 10855 | Lair:2   | Identified the +0 ring mail of Qazlal's Supremacy {MP-9
                  | Str+2 SInv}
 10991 | Lair:2   | Noticed Urug
 11019 | Lair:2   | Noticed a boulder beetle
 11045 | Lair:2   | Killed a boulder beetle
 11046 | Lair:2   | Reached skill level 1 in Invocations
 11215 | Lair:2   | Noticed an eight-headed hydra
 11223 | Lair:2   | Killed an eight-headed hydra
 11295 | Lair:2   | Noticed an eight-headed hydra
 11319 | Lair:2   | Killed an eight-headed hydra
 11320 | Lair:2   | Reached skill level 5 in Dodging
 11377 | Lair:3   | Found a staircase to the Swamp.
 11729 | Lair:3   | Reached skill level 13 in Unarmed Combat
 11739 | Lair:3   | Noticed a catoblepas
 11752 | Lair:3   | Killed a catoblepas
 11929 | Lair:3   | Found a hole to the Spider Nest.
 12144 | Lair:4   | Noticed a five-headed hydra
 12167 | Lair:4   | Killed a five-headed hydra
 12544 | Lair:4   | Reached XP level 13. HP: 76/122 MP: 13/16
 13700 | Lair:4   | Reached skill level 5 in Invocations
 14374 | Lair:5   | Found a staircase to the Slime Pits.
 14554 | Lair:5   | Reached skill level 10 in Fighting
 14588 | Lair:5   | Reached skill level 5 in Shields
 14596 | Lair:5   | Reached ****** piety under Cheibriados
 15134 | Lair:6   | Entered Level 6 of the Lair of Beasts
 15554 | D:11     | Found a staircase to the Orcish Mines.
 15610 | D:11     | Reached skill level 14 in Unarmed Combat
 15771 | Orc:1    | Entered Level 1 of the Orcish Mines
 15771 | Orc:1    | Noticed Snorg
 15784 | Orc:1    | Killed Snorg
 16049 | Orc:1    | Noticed an orc warlord
 16082 | Orc:1    | Killed an orc warlord
 16377 | Orc:2    | Entered Level 2 of the Orcish Mines
 16483 | Orc:2    | Noticed an orc warlord
 16494 | Orc:1    | Gained mutation: You resist negative energy. (rN+) [Deep
                  | Dwarf growth]
 16494 | Orc:1    | Reached XP level 14. HP: 60/133 MP: 13/18
 16611 | Orc:2    | Killed an orc warlord
 17347 | Orc:2    | Found a staircase to the Elven Halls.
 17660 | Orc:2    | Found Jysoiso's Armour Boutique.
 17660 | Orc:2    | Found Foompareol's Weapon Emporium.
 17662 | Orc:2    | Found Liz Kyag's Weapon Shoppe.
 17664 | Orc:2    | Found Naticatz's Jewellery Shop.
 17676 | Orc:2    | Bought the ring "Igivest" {Wiz rF+ Str-3 Dex+3} for 616
                  | gold pieces
 17676 | Orc:2    | Bought an amulet of reflection for 420 gold pieces
 17986 | D:12     | Noticed Sonja
 17987 | D:12     | Noticed Sonja
 17987 | D:12     | Sonja changed into Sonja the troll
 17994 | D:12     | Killed Sonja the troll
 18063 | D:12     | Found a runed translucent door.
 18199 | D:12     | Found Josmaetocui's Weapon Shoppe.
 18328 | Orc:2    | Bought a ring of willpower for 350 gold pieces
 18328 | Orc:2    | Bought a ring of protection from cold for 350 gold pieces
 18791 | D:12     | Noticed Josephine
 18805 | D:12     | Killed Josephine
 19276 | D:13     | Found a gate leading to a gauntlet.
 19301 | Gauntlet | Entered a Gauntlet
 19301 | Gauntlet | Found a transporter.
 19301 | Gauntlet | Found a transporter.
 19303 | Gauntlet | Found a transporter.
 19304 | Gauntlet | Found a transporter.
 19307 | Gauntlet | Found a transporter.
 19307 | Gauntlet | Found a transporter.
 19341 | Gauntlet | Found a transporter.
 19345 | Gauntlet | Found a transporter.
 19352 | Gauntlet | Found a runed translucent door.
 19355 | Gauntlet | Found a transporter.
 19369 | Gauntlet | Found a transporter.
 19383 | Gauntlet | Found a transporter.
 19387 | Gauntlet | Found a transporter.
 19563 | Gauntlet | Identified the +9 mace of Moty {vorpal, Fly rPois Str+3}
 19564 | Gauntlet | Got the Disquisition on Flames and Translocation
 19727 | D:13     | Found a sparkling altar of Nemelex Xobeh.
 19828 | D:13     | Slain by a very large slime creature

Illustrated notes

Levels and vault maps discovered:
D:1:      arrival_aquarium_a, layout_loops_ring
D:2:      layout_loops_ring, minmay_pentomino_pile
D:3:      layout_rooms, shapermc_ecumenical_altar_gd, hex_tiny,
          grunt_decor_arrowhead
D:4:      wad_crossroads, layout_basic, nicolae_dithmenos_shadow_blocks,
          minmay_temple_entry_mist, nicolae_shop_overcharged_wands
D:5:      layout_gridville, lemuel_doored_altar, serial_shops, shop
D:6:      layout_rooms, mainiacjoe_overflow_alcove_4, uniq_crazy_yiuf_cottage,
          uniq_blork_the_orc
D:7:      layout_rooms, nicolae_uskayaw_en_pointe, kennysheep_little_box,
          corexii_checkpoint_b, nrook_uturn, uniq_harold, uniq_prince_ribbit1
D:8:      layout_cave_pools, minmay_fountain_box, minivault_5, minivault_27
D:9:      layout_stronghold, nicolae_ru_awakened_eye,
          ploomutoo_gammafunk_ghost_potion_laboratory, uniq_erica
D:10:     layout_grid_maze, grunt_temple_overflow_diamond, erik_lair_island,
          serial_bayou, serial_bayou_pond_a, serial_bayou_pond_a,
          serial_bayou_pond_b, serial_bayou_pond_b, uniq_joseph
D:11:     layout_cross, minmay_orc_entry_temple_small
D:12:     layout_rooms, serial_shops, nicolae_inconvenience_store,
          roderic_lattice_a, lightli_church_of_beogh, uniq_josephine, uniq_sonja
D:13:     layout_roguey, erik_vaults_2, gauntlet_entry_generic, serial_shops,
          kennysheep_mini_moat, nemelex_xobeh_ov_fountains_minmay, uniq_frances
Temple:   nicolae_temple_figure_eight
Lair:1:   layout_cave_pods, grunt_forest_small_clearing_treed
Lair:2:   layout_regular_city, grunt_megastairs_4, minmay_lair_oklob_chamber,
          uniq_urug
Lair:3:   layout_layer_cave, skrybe_swamp_entry_bodies, spider_nest_entry_webs,
          grunt_megastairs_1
Lair:4:   layout_hall_layers, lookout_lair_type, infiniplex_staircase_pool
Lair:5:   beast_lair_carwin_large_3, layout_hall_layers,
          nicolae_slime_entry_slimehenge
Lair:6:   gammafunk_lair_ancient_temple, layout_regular_city
Orc:1:    layout_caves, serial_shops, shop_fountains, nicolae_orc_bridge_out,
          uniq_snorg
Orc:2:    st_orc_rangers, layout_diamond_mine, david_defended_altar_orc

Skill      XL: |  1  2  3  4  5  6  7  8  9 10 11 12 13 14 |
---------------+-------------------------------------------+-----
Fighting       | 1 2 3 4 6 7 9 10 11 | 11.0
Axes           | 1 |  1.2
Unarmed Combat | 3 4 5 6 7 9 10 12 13 14 | 14.8
Spellcasting   | 2 3 4 6 7 8 |  8.0
Transmutations | 2 3 |  3.0
Armour         | 1 2 3 5 6 7 8 9 |  9.6
Dodging        | 3 4 6 7 8 |  8.7
Shields        | 2 4 5 7 |  7.4
Invocations    | 4 6 8 |  8.0

Action                   |  1- 3 |  4- 6 |  7- 9 | 10-12 | 13-15 || total
-------------------------+-------+-------+-------+-------+-------++-------
Melee: Unarmed           |   124 |   264 |   310 |   422 |   675 ||  1795
       Kick              |    12 |       |    35 |   177 |   154 ||   378
       Headbutt          |     7 |       |    28 |   103 |    88 ||   226
       Punch             |       |     4 |     5 |       |       ||     9
 Cast: Beastly Appendage |    11 |     1 |    13 |    41 |    30 ||    96
       Wereblood         |    10 |    33 |    34 |    57 |    73 ||   207
Invok: Bend Time         |       |       |       |     2 |       ||     2
       Slouch            |       |       |       |     1 |    12 ||    13
 Abil: Heal Wounds       |       |     1 |     4 |    17 |     9 ||    31
Evoke: Wand              |       |     5 |    14 |    27 |    24 ||    70
  Use: Scroll            |       |       |       |    24 |     5 ||    29
       Potion            |       |       |       |       |     1 ||     1
 Stab: Paralysed         |       |       |     2 |    10 |     3 ||    15
       Sleeping          |       |       |       |       |     1 ||     1
       Invisible         |       |       |       |       |     7 ||     7
Armor: Robe              |    40 |       |       |       |       ||    40
       Ring mail         |       |   102 |   128 |    93 |   131 ||   454
Dodge: Dodged            |    96 |   166 |   185 |   185 |   418 ||  1050
Block: Buckler           |       |       |    26 |   116 |   318 ||   460
       Kite shield       |       |       |       |       |    45 ||    45
       Reflection        |       |       |       |       |    10 ||    10
